 Dungeon Crawl Stone Soup version 0.31-a0-4-gefa6de2278 (webtiles) character file.

Game seed: 10523580266335152786

21 subawu the Ruffian (level 2, -1/23 HPs)
             Began as a Draconian Transmuter on May 3, 2023.
             Frozen to death by an endoplasm (4 damage)
             ... on level 1 of the Dungeon.
             The game lasted 00:02:21 (318 turns).

subawu the Ruffian (Draconian Transmuter)            Turns: 318, Time: 00:02:22

Health: -1/23      AC:  4    Str: 12    XL:     2   Next: 62%
Magic:  5/5        EV: 12    Int: 13    God:
Gold:   17         SH:  0    Dex: 11    Spells: 4/5 levels left

rFire   . . .        e - +0 club
rCold   . . .        d - orb {guile}
rNeg    . . .        (body armour unavailable)
rPois   .            (helmet restricted)
rElec   .            (no cloak)
rCorr   .            (no gloves)
SInv    .            (no boots)
Will    .....        (no amulet)
Stlth   +            (no ring)
HPRegen 0.23/turn    (no ring)
MPRegen 0.09/turn

%: no passive effects
@: slowed, very slow
A: AC +4, unfitting armour, cold-blooded
a: no special abilities


You were on level 1 of the Dungeon.
You visited 1 branch of the dungeon, and saw 1 of its levels.

You collected 17 gold pieces.

Inventory:

Hand Weapons
 e - a +0 club (weapon)
 f - a +0 short sword
Missiles
 g - 3 stones (quivered)
Armour
 d - an orb of guile (worn)
Scrolls
 b - a scroll of teleportation {unknown}
 c - a scroll of blinking {unknown}
Potions
 a - a potion of lignification
 h - a potion of curing {unknown}


   Skills:
 + Level 1.1 Fighting
 + Level 1.9 Dodging
 + Level 3.4 Unarmed Combat
 + Level 2.0 Spellcasting
 + Level 2.6 Transmutations


You had 4 spell levels left.
You knew the following spells:

 Your Spells              Type           Power      Damage    Failure   Level
a - Beastly Appendage     Tmut           16%        N/A       9%          1

Your spell library contained the following spells:

 Spells                   Type           Power      Damage    Failure   Level
 Wereblood                Tmut           8%         N/A       13%         2
 Spider Form              Tmut/Pois      4%         N/A       41%         3
 Ice Form                 Ice/Tmut       4%         N/A       83%         4


Dungeon Overview and Level Annotations

Branches:
Dungeon (1/15)

Altars:
Gozag


Innate Abilities, Weirdness & Mutations

Your plain brown scales are hard. (AC +4)
You cannot fit into any form of body armour.
You are cold-blooded and may be slowed by cold attacks.


Message History

The rat closely misses you. The goblin barely misses you.
The goblin closely misses you. The rat misses you.
You closely miss the goblin.
The goblin is severely wounded.
The rat bites you but does no damage. The goblin hits you but does no damage.
You hit the goblin but do no damage.
The goblin is severely wounded.
The rat bites you but does no damage. The goblin hits you with a +0 dagger.
You hit the goblin.
You kill the goblin!
The rat bites you.
You hit the endoplasm.
The endoplasm is moderately wounded.
The rat barely misses you. The endoplasm completely misses you.
The endoplasm freezes you.
You are frozen.
You feel yourself slow down. The rat bites you.
You barely miss the endoplasm.
The endoplasm is moderately wounded.
You feel yourself speed up. The rat bites you but does no damage.
The endoplasm misses you. The endoplasm freezes you.
You are frozen.
You feel yourself slow down. The rat bites you but does no damage.
You barely miss the rat. The rat misses you. The endoplasm barely misses you.
The endoplasm freezes you.
You are frozen.
You feel as though you will be slow longer.
The rat closely misses you.
You barely miss the rat. The rat barely misses you. The endoplasm freezes you.
You are frozen.
You feel as though you will be slow longer.
The endoplasm hits you.
* * * LOW HITPOINT WARNING * * *
The rat closely misses you.
You barely miss the rat.
Your tail-slap misses the rat.
The rat bites you.
* * * LOW HITPOINT WARNING * * *
The endoplasm freezes you.
You are frozen.
You die...

### ###.J. ....#.
######..## . #..##...
$.8 #..##J##.#.8_
#########)..@r.....8 ##
#.....# #.####..##$. .##
#.....###........###
..###.....##....>.##.#..
..†..........####..# ..#
..#.#.....#### ..# ##
..........# .#
..#.......# .
....#.#####


You could see an endoplasm and a rat.

Vanquished Creatures
  A gnoll (D:1)
  A dart slug (D:1)
  A ball python (D:1)
  A bat (D:1)
  A giant cockroach (D:1)
  A goblin (D:1)
  A frilled lizard (D:1)
  A kobold (D:1)
  2 rats (D:1)
10 creatures vanquished.

Notes
Turn   | Place    | Note
-------+----------+-------------------------------------------
     0 | D:1      | subawu the Draconian Transmuter began the quest for the
                  | Orb.
     0 | D:1      | Reached XP level 1. HP: 16/16 MP: 3/3
   103 | D:1      | Reached XP level 2. HP: 7/23 MP: 5/5
   303 | D:1      | Found an opulent altar of Gozag.
   318 | D:1      | Frozen to death by an endoplasm

Illustrated notes

Levels and vault maps discovered:
D:1:      pf_arrival_petrified_forest, layout_rooms,
          shapermc_ecumenical_altar_rom_forum, minmay_hexomino_r4

Action                     || total
---------------------------++-------
  Melee: Unarmed           ||    14
         Tailslap          ||     7
         Club              ||    36
         Kick              ||     1
   Cast: Beastly Appendage ||     1
 Armour: Skin              ||    42
  Dodge: Dodged            ||    80

Table legend: (Time is in decaauts)
 A = Elapsed time spent in this place.
 B = Non-inter-level travel time spent in this place.
 C = Inter-level travel time spent in this place.
 D = Time resting spent in this place.
 E = Time spent auto-exploring this place.
 F = Levels seen in this place.
 G = Mean time per level.
                   A        B        C        D        E       F      G
               +--------+--------+--------+--------+--------+-----+--------+
         Total |    329 |    315 |     14 |     61 |      0 |   1 |  329.0 |
       Dungeon |    329 |    315 |     14 |     61 |      0 |   1 |  329.0 |
               +--------+--------+--------+--------+--------+-----+--------+

Top non-repeatable levels by time:
     D:1: 329 daAuts
